cohdb
Replays
Latest Replays
All Replays
Popular Replays
Top Player Replays
Match Explorer
How It Works
Community
CoH3 Stats
Reddit
Sign in to upload your games and track your stats! →
Sign in with Steam
Match 46171219
Unlisted
Match 46171219
Overview
Messages
Build Orders
End
Kettenkrad Recon Vehicle
Construct Infanterie Kompanie
MG 42 Machine Gun Team
Grenadier Squad
Grenadier Squad
MG 42 Machine Gun Team
Construct Luftwaffe Kompanie
221 Scout Car
Jäger Squad
Selects Mechanized Battlegroup
Selects Mobile Repair Stations
Support Elements
Jäger Squad
Wirbelwind Flakpanzer
GrW 34 Mortar Team
ShiningRay
흰수염고래
StuG IV
XXxxxGxxxXX
Brick_man
Alc.Mit0Lu
JangGF
HAKA
0
0
Comments
sign in to comment!
No comments posted yet!